 Dungeon Crawl Stone Soup version 0.16.2-12-gd0ad4c3 (webtiles) character file.

91746 faibistes the Eclecticist (level 15, -2/89 HPs)
             Began as a Deep Elf Wizard on Dec 31, 2017.
             Was the Champion of Sif Muna.
             Killed from afar by a deep elf knight (20 damage)
             ... with a shard of ice
             ... on level 1 of the Elven Halls.
             The game lasted 02:44:19 (40715 turns).

faibistes the Eclecticist (Deep Elf Wizard)        Turns: 40715, Time: 02:44:19

Health: -2/89      AC: 17    Str:  4    XL:     15   Next: 55%
Magic:  9/48       EV: 18    Int: 32    God:    Sif Muna [******]
Gold:   1527       SH:  0    Dex: 13    Spells: 12 memorised, 2 levels left

rFire  . . .     SeeInvis .     w - +5 great sword of Indignation {freeze, rC+ MP+9 Int+2}
rCold  + . .     Clarity  .     t - +0 robe "Quapawn" {rElec}
rNeg   . . .     SustAb   .     (no shield)
rPois  .         Gourm    +     C - +2 helmet
rElec  +         Spirit   .     g - +2 cloak {MR+}
rCorr  .         Warding  .     z - +1 pair of gloves
rMut   .         Stasis   .     F - +1 pair of boots
MR     +++..                    u - amulet of the gourmand
Stlth  ++........               Z - ring of protection from magic
                                o - +5 ring of protection

@: very slightly contaminated, repel missiles, extremely resistant to hostile
enchantments, unstealthy
A: no striking features
a: Channel Energy, Forget Spell, Renounce Religion


You were on level 1 of the Elven Halls.
You worshipped Sif Muna.
Sif Muna was exalted by your worship.
You were full.

You visited 5 branches of the dungeon, and saw 27 of its levels.

You collected 2897 gold pieces.
You spent 1370 gold pieces at shops.

Inventory:

Hand weapons
 w - the +5 great sword of Indignation (weapon) {freeze, rC+ MP+9 Int+2}
   (You found it on level 11 of the Dungeon)

   It has been specially enchanted to freeze those struck by it, causing extra
   injury to most foes and up to half again as much damage against particularly
   susceptible opponents.
   It can also slow down cold-blooded creatures.
   It affects your intelligence (+2).
   It protects you from cold.
   It affects your magic capacity (+9).
 G - the +6 scimitar of the Eternal Warrior {pain, rN++ Int+4}
   (You found it on level 1 of the Elven Halls)

   In the hands of one skilled in necromantic magic, it inflicts extra damage on
   living creatures.
   It affects your intelligence (+4).
   It greatly protects you from negative energy.
 Y - a +9 dagger of venom
Armour
 g - a +2 cloak of magic resistance (worn)
 r - a +1 robe of cold resistance
 t - the +0 robe "Quapawn" (worn) {rElec}
   (You found it on level 7 of the Dungeon)

   It insulates you from electricity.
 y - the -1 robe "Qaemaepi" {rCorr Dex+3}
   (You bought it in a shop on level 4 of the Orcish Mines)

   It affects your dexterity (+3).
   It protects you from acid and corrosion.
 z - a +1 pair of gloves (worn)
 C - a +2 helmet (worn)
 F - a +1 pair of boots (worn)
Jewellery
 o - a +5 ring of protection (left hand)
 u - an amulet of the gourmand (around neck)
 D - an uncursed ring of flight
 E - an uncursed ring of poison resistance
 K - an uncursed ring of protection from fire
 P - an uncursed amulet of warding
 U - an uncursed ring of wizardry
 Z - a ring of protection from magic (right hand)
Magical devices
 c - a wand of polymorph (17)
 l - a wand of cold (9)
 n - a wand of digging (7)
 V - a wand of hasting (5)
 W - a wand of enslavement (14)
Scrolls
 e - 3 scrolls of identify
 f - 2 scrolls of magic mapping
 k - 2 scrolls of fear
 s - 10 scrolls of remove curse
 v - 3 scrolls of teleportation
 L - 3 scrolls of immolation
 O - 6 scrolls of recharging
 T - 5 scrolls of fog
Potions
 a - 3 potions of flight
 b - a potion of might
 h - 6 potions of brilliance
 i - 8 potions of curing
 j - a potion of lignification
 p - a potion of resistance
 q - 2 potions of cancellation
 x - 3 potions of restore abilities
 A - a potion of ambrosia
 B - 4 potions of cure mutation
 H - 2 potions of invisibility
 I - 6 potions of heal wounds
 N - a potion of haste
 Q - a potion of magic
Comestibles
 d - 9 bread rations
 m - 11 meat rations
 J - 2 fruits


   Skills:
 * Level 8.6 Fighting
 + Level 10.4 Dodging
 - Level 2.4 Stealth
 * Level 15.5 Spellcasting
 + Level 10.0 Conjurations
 - Level 7.3 Charms
   Level 4.1 Summonings
 - Level 5.0 Necromancy
 - Level 7.0 Translocations
 - Level 3.0 Transmutations
 + Level 9.7 Fire Magic
 - Level 5.0 Air Magic
 * Level 7.6 Earth Magic
 - Level 2.9 Poison Magic
 * Level 10.2 Invocations
 + Level 8.3 Evocations


You had 2 spell levels left.
You knew the following spells:

 Your Spells              Type           Power        Failure   Level  Hunger
a - Magic Dart            Conj           ####         1%          1    None
b - Conjure Flame         Conj/Fire      ######..     1%          3    None
c - Iskenderun's Battles  Conj/Chrm      ######..     1%          5    None
d - Blink                 Tloc           N/A          1%          2    None
e - Mephitic Cloud        Conj/Pois/Air  ######..     1%          3    None
f - Repel Missiles        Chrm/Air       ######       1%          2    None
g - Animate Dead          Necr           N/A          2%          4    None
h - Sticky Flame          Conj/Fire      ######..     1%          4    None
i - Ignite Poison         Fire/Trmt      ######....   4%          5    None
v - Bolt of Magma         Conj/Fire/Erth ######....   1%          5    None
x - Force Lance           Conj/Tloc      ######..     1%          4    None
z - Fireball              Conj/Fire      ######....   1%          5    None


Dungeon Overview and Level Annotations

Branches:
Dungeon (12/15)            Temple (1/1) D:5            Lair (8/8) D:11
  Swamp (0/5) Lair:4       Spider (0/5) Lair:5        Slime (0/6) Lair:7
    Orc (4/4) D:9             Elf (2/3) Orc:4

Altars:
Ashenzari
Cheibriados
Dithmenos
Elyvilon
Fedhas
Gozag
Kikubaaqudgha
Makhleb
Nemelex Xobeh
Okawaru
Qazlal
Ru
Sif Muna
Trog
Vehumet
Xom
Yredelemnul
Zin
The Shining One
Jiyva

Shops:
D:8 (   D:11 :   Orc:3 *   Orc:4 [(=*


Message History

Press: ? - help, Shift-Dir - straight line The fireball explodes!
The fireball engulfs something.
Something hits you!
* * * LOW HITPOINT WARNING * * *
Read which item? (? for menu, Esc to quit)
Blink to where?
Press: ? - help, Dir - move target cursor You are very lightly contaminated with residual magic.
As you read the scroll of blinking, it crumbles to dust.
Read which item? (? for menu, Esc to quit)
Okay, then.
Casting: Fireball
Confirm with . or Enter, or press ? or * to list all spells.
You don't have enough magic to cast that spell.
Unknown command.
Use which ability? (? or * to list)
You channel some magical energy.
You feel somewhat less full.
Use which ability? (? or * to list)
You channel some magical energy.
You feel somewhat less full. The shard of ice hits you! You partially resist.
You die...

.#...#...#...######...#..#....#..
.#...#)..#...# #..#....#..
.#...#...'...####+#...#..'....#..
.#...#...#............#..#....#..
.#...#...#............#..#....#..
.#.).#...#........... #..#....#..
.#...#...##############..##'###^.
.#...#...........................
.#...#..........@...............)
.#...#....................)......
.#...#'#######+###########'######
.#............. ........#
.#............. ..........#
##............. ..........#
.....######### #####'##### .....#
#.....# ##...# #>....#


There were no monsters in sight!

Vanquished Creatures
  An orc warlord (Orc:3)
  A stone giant (Orc:4)
  A deep elf death mage (Elf:1)
  6 hydras
  An ice dragon (Orc:2)
  Harold (Lair:5)
  A catoblepas (Lair:5)
  3 death yaks (Lair:7)
  4 orc high priests
  4 deep elf knights (Elf:1)
  An ice devil (Orc:4)
  4 deep elf summoners
  Pikel (D:7)
  3 orc knights
  A wolf spider (Lair:6)
  4 deep elf conjurers
  A griffon (Lair:4)
  3 orc sorcerers (Orc:4)
  12 elephants
  Maurice (Orc:3)
  A black mamba (Lair:1)
  13 spiny frogs
  A torpor snail (Lair:8)
  2 centaur skeletons
  A queen ant (Lair:8)
  18 wolves
  A spriggan druid (Lair:8)
  7 komodo dragons
  3 deep elf priests
  A wandering mushroom (Lair:5)
  6 trolls
  10 polar bears
  Grinder (D:6)
  Prince Ribbit (D:6)
  4 basilisks
  22 blink frogs
  A griffon zombie (Lair:8)
  10 spriggans (Lair:8)
  A basilisk (shapeshifter) (Elf:1)
  3 redbacks
  A wyvern (D:8)
  A black mamba zombie (Lair:1)
  29 yaks
  13 deep elf fighters
  8 deep elf magi
  2 steam dragons
  2 wargs
  3 swamp worms (Lair:4)
  2 hippogriffs
  8 water moccasins
  13 soldier ants (Lair:8)
  2 spiny frog zombies (Lair:8)
  7 porcupines
  4 big kobolds
  2 ice beasts
  11 ogres
  39 orc warriors
  2 sky beasts
  3 black bears (Lair:8)
  3 wasps
  A necrophage (D:6)
  11 centaurs
  A phantom (D:6)
  A blink frog zombie (Lair:8)
  6 spiders (Lair:5)
  A torpor snail zombie (Lair:8)
  A boring beetle (Lair:6)
  Sigmund (D:4)
  Duvessa (D:9)
  12 crocodiles
  12 giant frogs
  5 jellies
  3 scorpions
  26 killer bees
  A water moccasin skeleton (D:10)
  11 electric eels
  A yak zombie (Lair:8)
  10 wights
  3 goliath beetles
  Dowan (D:9)
  A crimson imp (D:5)
  4 centaur zombies
  2 elf zombies (Elf:1)
  10 hounds
  2 soldier ant zombies (Lair:8)
  Crazy Yiuf (D:2)
  A giant frog skeleton (D:8)
  2 quasits
  24 orc priests
  25 orc wizards
  6 iguanas
  38 worker ants
  14 sheep
  2 hound zombies
  Terence (D:1)
  5 worker ant zombies
  14 gnolls
  65 river rats
  23 adders
  8 giant mites
  3 worms
  A sheep zombie (Lair:8)
  2 adder skeletons
  2 adder zombies
  A sheep skeleton (Lair:8)
  4 giant geckos
  144 orcs
  A ball python (D:1)
  23 bats
  3 bat skeletons
  2 bat zombies (D:2)
  3 giant cockroaches
  23 hobgoblins
  12 jackals
  An ooze (D:4)
  12 quokkas
  2 river rat skeletons
  4 river rat zombies
  A giant gecko skeleton (D:2)
  A giant gecko zombie (D:2)
  6 giant newts (D:2)
  2 giant spores
  22 goblins
  3 jackal skeletons
  26 kobolds
  A kobold zombie (D:11)
  An orc zombie (Orc:3)
  A quokka skeleton (D:2)
  2 quokka zombies
  17 rats
  5 ballistomycetes
  2 bushes
  4 fungi
  3 plants
1013 creatures vanquished.

Vanquished Creatures (collateral kills)
  A griffon (Lair:8)
  2 orc knights
  A black mamba (Lair:7)
  5 elephants (Lair:8)
  4 spiny frogs
  3 komodo dragons
  A fire drake (Lair:4)
  A deep elf priest (Elf:1)
  A polar bear (Lair:8)
  A troll (Orc:3)
  3 blink frogs
  A spriggan (Lair:8)
  A basilisk (Lair:6)
  A deep elf mage (Elf:1)
  An orc zombie (Orc:4)
  3 yaks
  A warg (Orc:4)
  A hippogriff (Lair:7)
  2 deep elf fighters (Elf:1)
  3 soldier ants
  3 swamp worms (Lair:4)
  14 wolves
  A porcupine (Lair:1)
  2 water moccasins
  3 orc warriors (Orc:4)
  2 black bears (Lair:8)
  An orc priest (Orc:4)
  A wasp (Lair:8)
  4 crocodiles
  3 giant frogs
  A killer bee (D:9)
  3 orc wizards
  2 worker ants (Lair:8)
  An iguana (Lair:4)
  4 sheep
  Robin (D:3)
  4 river rats (Lair:8)
  3 adders
  A shadow imp (D:11)
  41 orcs
  2 hobgoblins
  2 jackals (D:1)
  A quokka (Lair:2)
  4 goblins
  A quokka skeleton (D:9)
  A rat (D:11)
  20 fungi
  6 plants
169 creatures vanquished.

Vanquished Creatures (others)
  A redback zombie (Lair:8)
  2 hydra zombies
  3 spiny frog zombies
  5 elephant zombies (Lair:8)
  3 slaves (D:7)
  4 blink frog zombies
  A phantom (D:7)
  A big kobold (D:7)
  A lost soul (Elf:1)
  A komodo dragon zombie (Lair:8)
  2 water moccasin zombies
  A warg zombie (Orc:4)
  2 spider zombies (Lair:5)
  A water moccasin skeleton (Lair:1)
  A hippogriff zombie (Lair:3)
  A troll zombie (Orc:4)
  2 yak zombies (Lair:8)
  A spriggan skeleton (Lair:8)
  2 wolf zombies (Lair:8)
  2 wolf skeletons
  3 soldier ant zombies (Lair:8)
  A wasp zombie (Lair:6)
  3 black bear zombies (Lair:8)
  8 elf zombies (Elf:1)
  A basilisk zombie (Lair:7)
  3 killer bee zombies (D:11)
  A human zombie (Orc:3)
  A crocodile zombie (Lair:8)
  An ogre zombie (Orc:4)
  11 worker ant zombies (Lair:8)
  An adder (D:7)
  A shadow imp (D:9)
  3 adder zombies
  56 orc zombies
  2 orcs
  A giant cockroach (D:7)
  7 kobolds
  17 river rat zombies
  3 giant spores
  A goblin zombie (Orc:1)
  A hobgoblin zombie (Orc:3)
  An orc skeleton (Orc:2)
  2 quokka skeletons
  A quokka zombie (D:10)
  A river rat skeleton (Lair:1)
  A ballistomycete (D:10)
  2 bushes
  47 fungi
  23 plants
241 creatures vanquished.

Grand Total: 1423 creatures vanquished

Notes
Turn   | Place    | Note
--------------------------------------------------------------
     0 | D:1      | faibistes, the Deep Elf Wizard, began the quest for the Orb.
     0 | D:1      | Reached XP level 1. HP: 10/10 MP: 6/6
   149 | D:2      | Noticed Terence
   358 | D:1      | Reached XP level 2. HP: 15/15 MP: 2/10
   425 | D:1      | Learned a level 2 spell: Blink
   428 | D:1      | Learned a level 2 spell: Call Imp
  1107 | D:1      | Reached skill level 5 in Spellcasting
  1107 | D:1      | Reached XP level 3. HP: 19/19 MP: 7/14
  1138 | D:1      | Learned a level 3 spell: Conjure Flame
  1142 | D:1      | Learned a level 3 spell: Mephitic Cloud
  1789 | D:1      | Killed Terence
  2211 | D:2      | Reached XP level 4. HP: 24/24 MP: 12/17
  2216 | D:2      | Learned a level 2 spell: Repel Missiles
  2590 | D:2      | Noticed Crazy Yiuf
  2603 | D:2      | Killed Crazy Yiuf
  2603 | D:2      | Reached skill level 6 in Spellcasting
  2721 | D:2      | Reached XP level 5. HP: 28/28 MP: 18/20
  3356 | D:3      | Noticed a scorpion
  3386 | D:3      | Killed a scorpion
  3790 | D:3      | Reached XP level 6. HP: 32/32 MP: 19/22
  3883 | D:4      | Noticed Robin
  4202 | D:3      | Reached skill level 7 in Spellcasting
  4325 | D:3      | Killed Robin
  4689 | D:3      | Found a shadowy altar of Dithmenos.
  5338 | D:4      | Reached XP level 7. HP: 36/36 MP: 11/25
  5478 | D:5      | Entered Level 5 of the Dungeon
  5625 | D:4      | Reached skill level 1 in Fighting
  5675 | D:4      | Reached skill level 1 in Evocations
  5763 | D:4      | Noticed Sigmund
  5771 | D:4      | Killed Sigmund
  5771 | D:4      | Reached skill level 8 in Spellcasting
  5889 | D:6      | Reached skill level 5 in Dodging
  6448 | D:5      | Reached XP level 8. HP: 45/45 MP: 23/28
  6611 | D:5      | Found a staircase to the Ecumenical Temple.
  6624 | Temple   | Entered the Ecumenical Temple
  6671 | Temple   | Became a worshipper of Sif Muna the Loreminder
  7034 | D:5      | Reached skill level 1 in Fire Magic
  7034 | D:5      | Reached skill level 1 in Air Magic
  7210 | D:5      | Reached skill level 9 in Spellcasting
  7277 | D:5      | Reached skill level 1 in Poison Magic
  7629 | D:6      | Noticed Prince Ribbit
  7648 | D:6      | Killed Prince Ribbit
  7648 | D:6      | Acquired Sif Muna's first power
  8352 | D:7      | Got a fabulously ornate robe
  8363 | D:7      | Identified the +0 robe "Quapawn" {rElec} (You found it on level 7 of the Dungeon)
  8578 | D:6      | Found an iron altar of Okawaru.
  8591 | D:6      | Reached XP level 9. HP: 49/49 MP: 23/29
  8748 | D:6      | Acquired Sif Muna's second power
  9260 | D:6      | Reached skill level 5 in Conjurations
  9297 | D:6      | Found a glowing golden altar of the Shining One.
  9303 | D:6      | Found a sacrificial altar of Ru.
  9304 | D:6      | Found a burning altar of Makhleb.
  9304 | D:6      | Found a bloodstained altar of Trog.
  9307 | D:6      | Found an ancient bone altar of Kikubaaqudgha.
  9588 | D:6      | Reached skill level 10 in Spellcasting
  9870 | D:6      | Noticed Grinder
  9882 | D:6      | Killed Grinder
 10284 | D:7      | Noticed Pikel
 10299 | D:7      | Killed Pikel
 10647 | D:7      | Reached skill level 1 in Invocations
 10863 | D:7      | Reached skill level 1 in Charms
 10863 | D:7      | Reached XP level 10. HP: 54/54 MP: 19/32
 11409 | D:8      | Found Khiocsa's Weapon Emporium.
 11443 | D:8      | Found a glowing golden altar of the Shining One.
 12472 | D:9      | Reached skill level 11 in Spellcasting
 13232 | D:10     | Entered Level 10 of the Dungeon
 13272 | D:10     | Acquired Sif Muna's third power
 13526 | D:9      | Reached skill level 5 in Fire Magic
 13807 | D:9      | Found a stormy altar of Qazlal.
 14044 | D:9      | Noticed Duvessa
 14053 | D:9      | Noticed Dowan
 14440 | D:9      | Killed Duvessa
 14466 | D:9      | Killed Dowan
 14475 | D:9      | Got a warped rapier {drain}
 14476 | D:9      | Identified the cursed -2 rapier of the Shark {drain, Str+3 Stlth-} (You took it off Duvessa on level 9 of the Dungeon)
 14485 | D:9      | Learned a level 5 spell: Fireball
 14490 | D:9      | Learned a level 4 spell: Sticky Flame
 14670 | D:9      | Found a staircase to the Orcish Mines.
 15065 | D:10     | Learned a level 4 spell: Animate Dead
 15539 | D:10     | Reached XP level 11. HP: 60/60 MP: 23/33
 15542 | D:10     | Reached skill level 1 in Necromancy
 16320 | D:10     | Reached skill level 5 in Translocations
 16893 | D:11     | Received a gift from Sif Muna
 16893 | D:11     | Reached skill level 12 in Spellcasting
 16893 | D:11     | Reached skill level 5 in Charms
 16893 | D:11     | Reached skill level 5 in Invocations
 16893 | D:11     | Reached XP level 12. HP: 66/68 MP: 26/35
 16901 | D:11     | Learned a level 5 spell: Lightning Bolt
 16904 | D:11     | Learned a level 2 spell: Swiftness
 17330 | D:11     | Reached skill level 5 in Evocations
 17496 | D:11     | Reached skill level 5 in Fighting
 17561 | D:11     | Found Sevaan's Book Shop.
 17573 | D:11     | Learned a level 1 spell: Beastly Appendage
 17646 | D:11     | Got a twisted great sword
 17647 | D:11     | Identified the +5 great sword of Indignation {freeze, rC+ MP+9 Int+2} (You found it on level 11 of the Dungeon)
 17689 | D:11     | Reached skill level 5 in Necromancy
 17756 | D:11     | Found a staircase to the Lair.
 17902 | D:11     | Noticed a six-headed hydra
 17907 | D:11     | Killed a six-headed hydra
 17907 | D:11     | Reached skill level 1 in Transmutations
 18282 | Lair:1   | Entered Level 1 of the Lair of Beasts
 18623 | Lair:1   | Found an iron altar of Okawaru.
 20245 | Lair:2   | Reached skill level 5 in Air Magic
 20600 | Lair:2   | Reached skill level 13 in Spellcasting
 20858 | Lair:2   | Reached XP level 13. HP: 73/73 MP: 32/36
 21908 | Lair:3   | Found a shadowy altar of Dithmenos.
 22463 | Lair:4   | Noticed a six-headed hydra
 22473 | Lair:4   | Killed a six-headed hydra
 22473 | Lair:4   | Received a gift from Sif Muna
 22558 | Lair:4   | Learned a level 5 spell: Bolt of Magma
 23078 | Lair:5   | Noticed Harold
 23084 | Lair:5   | Killed Harold
 23084 | Lair:5   | Reached skill level 1 in Earth Magic
 23912 | Lair:4   | Found a staircase to the Swamp.
 24392 | D:11     | Bought a book of Alchemy for 1125 gold pieces
 24398 | D:11     | Learned a level 5 spell: Ignite Poison
 25015 | Lair:5   | Found a hole to the Spider Nest.
 26487 | Lair:8   | Entered Level 8 of the Lair of Beasts
 28701 | Lair:7   | Found a staircase to the Slime Pits.
 28702 | Lair:7   | Found a viscous altar of Jiyva.
 28739 | Lair:7   | Reached XP level 14. HP: 80/80 MP: 21/37
 28883 | Lair:8   | Reached skill level 14 in Spellcasting
 29076 | Lair:7   | Learned a level 5 spell: Iskenderun's Battlesphere
 30165 | Lair:8   | Found a radiant altar of Vehumet.
 30627 | Lair:8   | Reached skill level 5 in Earth Magic
 31059 | Lair:8   | Received a gift from Sif Muna
 33177 | Orc:1    | Entered Level 1 of the Orcish Mines
 33723 | Orc:4    | Entered Level 4 of the Orcish Mines
 33727 | Orc:4    | Found a staircase to the Elven Halls.
 33905 | Orc:3    | Noticed Maurice
 34937 | Orc:3    | Found a bloodstained altar of Trog.
 34949 | Orc:3    | Killed Maurice
 35234 | Orc:2    | Reached skill level 10 in Dodging
 35237 | Orc:2    | Reached skill level 15 in Spellcasting
 35431 | Orc:3    | Found Ucryan's Assorted Antiques.
 35439 | Orc:3    | Bought a murky emerald potion for 18 gold pieces
 36388 | Orc:3    | Your ally Maurice died
 36669 | Orc:4    | Found Dyocsutu's Antique Armour Boutique.
 36670 | Orc:4    | Noticed an orc warlord
 36674 | Orc:4    | Reached XP level 15. HP: 88/88 MP: 24/39
 36956 | Orc:3    | Killed an orc warlord
 37667 | Orc:4    | Found an iron altar of Okawaru.
 38110 | Orc:4    | Bought a slimy robe for 199 gold pieces
 38120 | Orc:4    | Identified the cursed -1 robe "Qaemaepi" {rCorr Dex+3} (You bought it in a shop on level 4 of the Orcish Mines)
 38174 | Orc:4    | Found Qesufi's Antique Weapon Shoppe.
 38232 | Orc:4    | Found Woplic Jeom's Jewellery Shop.
 38588 | Orc:4    | Found Jyjoygaf's General Store.
 38596 | Orc:4    | Bought a scroll of identify for 28 gold pieces
 38773 | Elf:1    | Entered Level 1 of the Elven Halls
 38793 | Elf:1    | Received a gift from Sif Muna
 38796 | Elf:1    | Identified Sif Muna's Handbook of Attacks (Sif Muna gifted it to you on level 1 of the Elven Halls)
 39104 | Lair:2   | Learned a level 4 spell: Force Lance
 39727 | Elf:1    | Got a twisted scimitar
 39728 | Elf:1    | Identified the +6 scimitar of the Eternal Warrior {pain, rN++ Int+4} (You found it on level 1 of the Elven Halls)
 39787 | Elf:1    | Reached skill level 10 in Invocations
 40293 | Elf:1    | Found a radiant altar of Vehumet.
 40298 | Elf:1    | Reached skill level 10 in Conjurations
 40715 | Elf:1    | Killed from afar by a deep elf knight

Action                   |  1- 3 |  4- 6 |  7- 9 | 10-12 | 13-15 || total
-------------------------+-------+-------+-------+-------+-------++-------
Melee: Club              |     6 |       |     1 |       |       ||     7
       Rapier            |     1 |     3 |       |       |       ||     4
       Dagger            |       |     6 |    92 |   138 |       ||   236
       Great sword       |       |       |       |    16 |    87 ||   103
 Cast: Magic Dart        |    91 |   200 |   328 |   170 |     3 ||   792
       Call Imp          |     6 |     3 |       |     1 |       ||    10
       Conjure Flame     |     3 |     8 |    30 |    60 |    46 ||   147
       Mephitic Cloud    |     2 |    23 |    42 |    38 |     5 ||   110
       Blink             |     1 |     8 |    14 |    25 |    11 ||    59
       Repel Missiles    |       |     1 |     2 |     3 |       ||     6
       Fireball          |       |       |       |   102 |   398 ||   500
       Sticky Flame      |       |       |       |    42 |   100 ||   142
       Animate Dead      |       |       |       |    14 |   157 ||   171
       Lightning Bolt    |       |       |       |     2 |     1 ||     3
       Ignite Poison     |       |       |       |       |    74 ||    74
       Bolt of Magma     |       |       |       |       |    49 ||    49
       Force Lance       |       |       |       |       |     6 ||     6
       Swiftness         |       |       |       |       |     1 ||     1
Invok: Channel Energy    |       |       |     5 |    16 |   133 ||   154
       Forget Spell      |       |       |       |       |     3 ||     3
Evoke: Wand              |       |       |     2 |    18 |       ||    20
  Use: Scroll            |     1 |     2 |    12 |    24 |    12 ||    51
       Potion            |       |       |       |     2 |     1 ||     3
 Stab: Confused          |       |     1 |     6 |     3 |       ||    10
       Distracted        |       |       |       |       |     1 ||     1
       Sleeping          |       |       |       |       |     1 ||     1
  Eat: Chunk             |     4 |    23 |    15 |    40 |    76 ||   158
